Map: Romanticide LE

Players

DPGCure (Cure)

  • Race: Terran Terran
  • League: Master
  • Spawn Location: 11:00

ByuN - Winner!

  • Race: Terran Terran
  • League: Diamond
  • Spawn Location: 5:00

Event: TSL 6

VOD

Have the link to the VOD?

Description

Time

  • Played on: Dec. 12, 2020, 6:15 p.m.
  • Length: 3:47

All games in this series

Show
View Real Time Build Order
Export as new Build Order

DPGCure Terran 

Build Orders: Reaper Expand 

Get SALT Encoding   

  12  0:00  SCV  
  13  0:12  SCV  
  14  0:17  Supply Depot  
  14  0:24  SCV  
  15  0:39  SCV  
  15  0:40  Barracks  
  16  0:42  Refinery  
  16  0:51  SCV  
  17  1:03  SCV  
  18  1:15  SCV  
  19  1:27  Orbital Command, Reaper  
  20  1:39  Command Center  
  20  1:50  Bunker  
  20  1:53  Bunker  
  20  1:54  SCV  
  21  1:57  Supply Depot  
  21  1:59  Marine  
  22  2:06  Factory, SCV  
  23  2:18  SCV, Marine  
  25  2:30  SCV  
  25  2:37  Marine  
  25  2:40  Command Center  
  25  2:47  SCV  
  25  2:52  Factory Tech Lab  
  25  2:54  Marine  
  25  3:00  SCV  
  25  3:12  Marine  
  22  3:14  Cyclone  
  22  3:15  SCV  
  22  3:27  SCV  
Show
View Real Time Build Order
Export as new Build Order

ByuN Terran - Winner!

Build Orders:  

Get SALT Encoding   

  12  0:00  SCV  
  13  0:13  Supply Depot  
  13  0:17  SCV  
  14  0:31  SCV  
  15  0:36  Barracks  
  15  0:42  Refinery  
  15  0:46  SCV  
  16  0:58  SCV  
  17  1:10  SCV  
  18  1:25  Orbital Command  
  18  1:33  Refinery  
  18  1:34  Barracks Tech Lab  
  18  1:37  Supply Depot  
  18  1:50  SCV  
  18  1:53  Marauder  
  21  2:02  SCV  
  21  2:05  Factory  
  22  2:09  Concussive Shells  
  22  2:14  SCV  
  22  2:15  Marauder  
  25  2:20  Supply Depot  
  25  2:27  SCV  
  26  2:36  Marauder  
  28  2:39  SCV  
  29  2:51  SCV  
  30  2:56  Factory Tech Lab  
  30  2:57  Marauder  
  32  3:01  Starport  
  32  3:03  SCV  
  31  3:14  Hellion  
  31  3:15  SCV  
  31  3:19  Marauder  
  31  3:27  SCV  
  32  3:37  Factory Tech Lab  
  33  3:39  Starport Tech Lab  
Tags
 
Event
TSL 6
Matchup
TvT
Player
ByuNCure
Race
Terran
Spawn Locations
Cross Positions
Add a new tag
Caveats
  • Supply blocks, unpowered buildings, or Contaminate may cause inaccurate times.
  • Supply counts are checked every 10 seconds.